 Dungeon Crawl Stone Soup version 0.23.0 (webtiles) character file.

Game seed: 12327487738584127656

3017 inmateoo the Martial Artist (level 9, -2/68 HPs)
             Began as a Gnoll Transmuter on Feb 9, 2019.
             Was a Follower of Cheibriados.
             Slain by an orc warrior
             ... wielding a +0 war axe
              (12 damage)
             ... in a bailey.
             The game lasted 00:16:11 (7081 turns).

inmateoo the Martial Artist (Gnoll Transmuter)      Turns: 7081, Time: 00:16:11

Health: -2/68      AC:  2    Str: 15    XL:     9   Next: 85%
Magic:  8/19       EV: 33    Int: 20    God:    Cheibriados [*.....]
Gold:   48         SH:  0    Dex: 28    Spells: 6/21 levels left

rFire    . . .     SeeInvis .     - Unarmed
rCold    . . .     Gourm    .   (shield currently unavailable)
rNeg     . . .     Faith    .   (armour currently unavailable)
rPois    x         Spirit   .   (helmet currently unavailable)
rElec    .         Reflect  .   (cloak currently unavailable)
rCorr    .         Harm     .   (gloves currently unavailable)
MR       +....                  (boots currently unavailable)
Stlth    +++++.....             (no amulet)
HPRegen  0.21/turn              B - ring of protection from magic
MPRegen  0.16/turn              z - ring of flight

@: agile, spider-form, very slightly contaminated, very slow
A: tiny, distributed training, strong nose
a: End Transformation, Bend Time, Renounce Religion, Evoke Flight


You were in a bailey.
You worshipped Cheibriados.
Cheibriados was aware of your devotion.
You were not hungry.
You were a venomous arachnid creature.
You visited 2 branches of the dungeon, and saw 9 of its levels.
You also visited: Bailey.

You collected 375 gold pieces.
You spent 327 gold pieces at shops.

Inventory:

Missiles
 a - 58 arrows
 p - 8 tomahawks (quivered)
 r - a javelin
 C - 33 tomahawks of returning
Armour
 k - a +1 pair of boots (melded)
 o - a +2 leather armour of magic resistance (melded)
 s - the +2 hat "Faicag" (melded) {SInv}
   (You bought it in a shop on level 8 of the Dungeon)

   It lets you see invisible.
 u - a +0 helmet
Magical Staves
 y - an uncursed staff of fire
Jewellery
 z - a ring of flight (right front leg)
 B - a ring of protection from magic (left front leg)
Wands
 v - a wand of scattershot (4)
Scrolls
 b - 4 scrolls of enchant weapon {unknown}
 c - a scroll of random uselessness {unknown}
 g - 3 scrolls of remove curse
 l - a scroll of teleportation
 n - a scroll of fog
 q - a scroll of fear
 w - a scroll of enchant armour
 F - 3 scrolls of identify
Potions
 e - a potion of flight
 f - a potion of lignification {unknown}
 h - a potion of curing {unknown}
 i - a potion of degeneration {unknown}
 j - 2 potions of resistance {unknown}
 m - a potion of mutation {unknown}
 t - a potion of brilliance {unknown}
 A - a potion of might {unknown}
 D - a potion of agility
Comestibles
 d - 10 rations
 x - a chunk of flesh


   Skills:
 + Level 5.3 Fighting
 + Level 4.5 Short Blades
 + Level 4.5 Long Blades
 + Level 4.5 Axes
 + Level 4.5 Maces & Flails
 + Level 4.5 Polearms
 + Level 4.5 Staves
 + Level 4.5 Slings
 + Level 4.5 Bows
 + Level 4.5 Crossbows
 + Level 4.5 Throwing
 + Level 4.5 Armour
 + Level 6.5 Dodging
 + Level 4.5 Stealth
 + Level 4.5 Shields
 + Level 8.0 Unarmed Combat
 + Level 6.8 Spellcasting
 + Level 3.7 Conjurations
 + Level 3.7 Hexes
 + Level 3.7 Charms
 + Level 3.7 Summonings
 + Level 3.7 Necromancy
 + Level 3.7 Translocations
 + Level 5.4 Transmutations
 + Level 3.7 Fire Magic
 + Level 3.7 Ice Magic
 + Level 3.7 Air Magic
 + Level 3.7 Earth Magic
 + Level 3.7 Poison Magic
 + Level 5.0 Invocations
 + Level 4.5 Evocations


You had 6 spell levels left.
You knew the following spells:

 Your Spells              Type           Power        Failure   Level  Hunger
a - Beastly Appendage     Tmut           ####..       5%          1    None
b - Sticks to Snakes      Tmut           ####....     7%          2    None
c - Spider Form           Tmut/Pois      ####......   13%         3    #......
d - Ice Form              Ice/Tmut       ####....     32%         4    ###....
e - Blade Hands           Tmut           ####......   50%         5    #####..

Your spell library contained the following spells:

 Spells                   Type           Power        Failure   Level  Hunger


Dungeon Overview and Level Annotations

Branches:
Dungeon (8/15)             Temple (1/1) D:4            Lair (0/6) D:8

Altars:
Ashenzari
Cheibriados
Dithmenos
Elyvilon
Fedhas
Gozag
Hepliaklqana
Kikubaaqudgha
Makhleb
Nemelex Xobeh
Okawaru
Qazlal
Ru
Sif Muna
Trog
Uskayaw
Vehumet
Wu Jian
Xom
Yredelemnul
Zin
The Shining One

Shops:
D:8 *:[


Innate Abilities, Weirdness & Mutations

Your experience applies equally to all skills.
((You have very sharp teeth.))
Your uncanny sense of smell can sniff out nearby items.


Message History

Unknown command.
Casting: Spider Form (safe; 5% risk of failure)
Confirm with . or Enter, or press ? or * to list all spells.
You miscast Spider Form.
You feel slightly ill. The orc warrior closely misses you.
Unknown command.
Unknown command.
Casting: Spider Form (safe; 5% risk of failure)
Confirm with . or Enter, or press ? or * to list all spells.
You turn into a venomous arachnid creature.
The +2 hat "Faicag" {SInv} melds into your body.
Your +1 pair of boots melds into your body.
Your +2 leather armour of magic resistance melds into your body.
You feel less resistant to hostile enchantments.
The orc warrior closely misses you.
Unknown command.
You hit the orc warrior.
The orc warrior is poisoned.
The orc warrior is moderately wounded.
The orc warrior hits you with a +0 war axe!
You die...

#############
####............
##.......))..#
##.......)o#'##
#.....⌠...s#..# ∆
##......)###..#
#########.....# '..###
#≈≈≈≈≈≈#...))†###..K^
≈≈≈≈≈≈≈≈≈)..÷..#..# ##'###
###≈≈≈≈≈≈≈≈≈.÷####.K.....#
##≈
###....≈≈≈≈≈≈≈∩#oo.oK..#∩≈≈≈
##.......≈≈≈≈#########≈≈≈
##.......≈≈≈≈≈≈≈≈≈≈≈≈≈≈


You could see an orc warrior.

Vanquished Creatures
  An orc knight (Bailey)
  Grinder (D:6)
  Sigmund (D:3)
  Menkaure (D:6)
  A steam dragon (D:8)
  Edmund (D:4)
  5 orc warriors
  2 ogres
  Blork the orc (D:4)
  A bullfrog (D:8)
  2 scorpions
  A howler monkey (D:4)
  A crimson imp (D:5)
  3 hounds
  A jelly (D:5)
  A bullfrog skeleton (D:5)
  A centaur skeleton (D:5)
  2 orc priests
  3 orc wizards
  An iguana (D:4)
  9 worker ants
  A hound zombie (D:6)
  A hound skeleton (D:5)
  A worker ant zombie (D:6)
  A gnoll (Bailey)
  A howler monkey skeleton (D:4)
  10 adders
  2 shadow imps (D:5)
  3 worms
  5 dart slugs
  4 leopard geckos
  22 orcs
  2 ball pythons
  8 bats
  12 giant cockroaches
  5 hobgoblins
  11 jackals
  5 quokkas
  2 frilled lizards (D:2)
  A giant cockroach zombie (D:6)
  6 goblins
  21 kobolds
  A leopard gecko skeleton (D:7)
  A quokka zombie (D:6)
  9 rats
175 creatures vanquished.

Vanquished Creatures (collateral kills)
  An adder (D:4)
  2 orcs (D:6)
3 creatures vanquished.

Vanquished Creatures (others)
  An orc warrior (D:8)
  An orc priest (D:8)
  An orc wizard (D:8)
3 creatures vanquished.

Grand Total: 181 creatures vanquished

Notes
Turn   | Place    | Note
-------+----------+-------------------------------------------
     0 | D:1      | inmateoo the Gnoll Transmuter began the quest for the Orb.
     0 | D:1      | Reached XP level 1. HP: 17/17 MP: 6/6
   162 | D:1      | Reached XP level 2. HP: 23/23 MP: 7/7
   417 | D:1      | Learned a level 2 spell: Sticks to Snakes
   731 | D:1      | Reached XP level 3. HP: 20/28 MP: 9/9
   899 | D:1      | Reached skill level 5 in Spellcasting
  1411 | D:2      | Reached skill level 1 in Invocations
  1428 | D:2      | Reached skill level 1 in Short Blades
  1428 | D:2      | Reached skill level 1 in Long Blades
  1428 | D:2      | Reached skill level 1 in Axes
  1428 | D:2      | Reached skill level 1 in Maces & Flails
  1428 | D:2      | Reached skill level 1 in Polearms
  1428 | D:2      | Reached skill level 1 in Staves
  1428 | D:2      | Reached skill level 1 in Slings
  1428 | D:2      | Reached skill level 1 in Bows
  1428 | D:2      | Reached skill level 1 in Crossbows
  1428 | D:2      | Reached skill level 1 in Throwing
  1428 | D:2      | Reached skill level 1 in Armour
  1428 | D:2      | Reached skill level 1 in Stealth
  1428 | D:2      | Reached skill level 1 in Shields
  1428 | D:2      | Reached skill level 1 in Evocations
  1463 | D:2      | Reached XP level 4. HP: 22/34 MP: 11/11
  1844 | D:3      | Reached skill level 1 in Conjurations
  1844 | D:3      | Reached skill level 1 in Hexes
  1844 | D:3      | Reached skill level 1 in Charms
  1844 | D:3      | Reached skill level 1 in Summonings
  1844 | D:3      | Reached skill level 1 in Necromancy
  1844 | D:3      | Reached skill level 1 in Translocations
  1844 | D:3      | Reached skill level 1 in Fire Magic
  1844 | D:3      | Reached skill level 1 in Ice Magic
  1844 | D:3      | Reached skill level 1 in Air Magic
  1844 | D:3      | Reached skill level 1 in Earth Magic
  1844 | D:3      | Reached skill level 1 in Poison Magic
  1857 | D:3      | Reached XP level 5. HP: 35/40 MP: 10/12
  2203 | D:3      | Noticed Sigmund
  2224 | D:3      | Killed Sigmund
  2224 | D:3      | Reached skill level 5 in Dodging
  2224 | D:3      | Reached XP level 6. HP: 43/47 MP: 12/14
  2750 | D:3      | Learned a level 3 spell: Spider Form
  2755 | D:3      | Learned a level 4 spell: Ice Form
  2761 | D:3      | Learned a level 5 spell: Blade Hands
  3004 | D:4      | Reached XP level 7. HP: 42/52 MP: 13/15
  3076 | D:4      | Reached skill level 7 in Unarmed Combat
  3077 | D:4      | Noticed Edmund
  3356 | D:4      | Killed Edmund
  3532 | D:4      | Found a staircase to the Ecumenical Temple.
  3563 | Temple   | Entered the Ecumenical Temple
  3862 | D:4      | Noticed Blork the orc
  3875 | D:4      | Killed Blork the orc
  3887 | D:4      | Reached XP level 8. HP: 31/60 MP: 14/16
  3986 | D:5      | Entered Level 5 of the Dungeon
  4034 | D:5      | Got a scintillating ruby amulet
  4054 | D:5      | Found a glowing golden altar of the Shining One.
  4823 | D:5      | Identified the amulet of Thoughtfulness {Faith +Fly Str-4
                  | Int+3 Dex+3 Stlth+} (You found it on level 5 of the
                  | Dungeon)
  5559 | D:6      | Noticed Menkaure
  5575 | D:6      | Killed Menkaure
  5726 | D:6      | Noticed Grinder
  5727 | D:6      | Paralysed by Grinder for 5 turns
  5751 | D:6      | Paralysed by Grinder for 6 turns
  5767 | D:6      | Killed Grinder
  5916 | D:6      | Found a sparkling altar of Nemelex Xobeh.
  6107 | D:6      | Reached XP level 9. HP: 52/66 MP: 13/18
  6247 | D:6      | Reached skill level 5 in Transmutations
  6335 | D:6      | Found a glowing golden altar of the Shining One.
  6335 | D:6      | Found a burning altar of Makhleb.
  6335 | D:6      | Found a blossoming altar of Fedhas.
  6335 | D:6      | Found a snail-covered altar of Cheibriados.
  6344 | D:6      | Found a stormy altar of Qazlal.
  6348 | D:6      | Found a basalt altar of Yredelemnul.
  6463 | D:6      | Became a worshipper of Cheibriados the Contemplative
  6583 | D:7      | You fall through a shaft!
  6584 | D:8      | Found Wiph's Book Emporium.
  6604 | D:8      | Found a flagged portal.
  6666 | D:8      | Found Xocsal's Armour Shop.
  6685 | D:8      | Bought the +2 hat "Faicag" {SInv} for 327 gold pieces
  6758 | D:8      | Found Mioker's Assorted Antiques.
  6773 | D:8      | Found a staircase to the Lair.
  6798 | Bailey   | Entered a bailey
  6833 | Bailey   | Noticed an orc knight
  6838 | Bailey   | Noticed an orc knight
  6950 | Bailey   | Reached skill level 5 in Fighting
  6985 | Bailey   | Killed an orc knight
  6985 | Bailey   | Reached skill level 8 in Unarmed Combat
  7005 | Bailey   | Reached skill level 5 in Invocations
  7059 | Bailey   | Reached * piety under Cheibriados
  7081 | Bailey   | Slain by an orc warrior

Skill      XL: |  1  2  3  4  5  6  7  8  9 |
---------------+----------------------------+-----
Spellcasting   | 5 6 |  6.8
Invocations    | 1 2 3 4 5 |  5.0
Short Blades   | 1 2 3 4 |  4.5
Long Blades    | 1 2 3 4 |  4.5
Axes           | 1 2 3 4 |  4.5
Maces & Flails | 1 2 3 4 |  4.5
Polearms       | 1 2 3 4 |  4.5
Staves         | 1 2 3 4 |  4.5
Slings         | 1 2 3 4 |  4.5
Bows           | 1 2 3 4 |  4.5
Crossbows      | 1 2 3 4 |  4.5
Throwing       | 1 2 3 4 |  4.5
Armour         | 1 2 3 4 |  4.5
Stealth        | 1 2 3 4 |  4.5
Shields        | 1 2 3 4 |  4.5
Evocations     | 1 2 3 4 |  4.5
Conjurations   | 1 2 3 |  3.7
Hexes          | 1 2 3 |  3.7
Charms         | 1 2 3 |  3.7
Summonings     | 1 2 3 |  3.7
Necromancy     | 1 2 3 |  3.7
Translocations | 1 2 3 |  3.7
Fire Magic     | 1 2 3 |  3.7
Ice Magic      | 1 2 3 |  3.7
Air Magic      | 1 2 3 |  3.7
Earth Magic    | 1 2 3 |  3.7
Poison Magic   | 1 2 3 |  3.7
Fighting       | 3 4 5 |  5.3
Dodging        | 5 6 |  6.5
Transmutations | 4 5 |  5.4
Unarmed Combat | 7 8 |  8.0

Action                   |  1- 3 |  4- 6 |  7- 9 || total
-------------------------+-------+-------+-------++-------
Melee: Unarmed           |    94 |   195 |   299 ||   588
       Bite              |     7 |    12 |    25 ||    44
       Headbutt          |     2 |    16 |     5 ||    23
       Punch             |     1 |     3 |     6 ||    10
Throw: Tomahawk          |       |       |    71 ||    71
       Javelin           |       |       |     2 ||     2
 Cast: Beastly Appendage |     2 |    13 |     3 ||    18
       Spider Form       |       |     3 |     8 ||    11
       Sticks to Snakes  |       |       |    11 ||    11
       Ice Form          |       |       |     5 ||     5
       Blade Hands       |       |       |     1 ||     1
 Abil: End Transformatio |       |       |     1 ||     1
       Evoke Flight      |       |       |     1 ||     1
Evoke: Wand              |       |       |    19 ||    19
  Use: Scroll            |     4 |     1 |     4 ||     9
       Potion            |       |     2 |     3 ||     5
 Stab: Sleeping          |     2 |     1 |     6 ||     9
       Distracted        |       |       |     2 ||     2
  Eat: Chunk             |     2 |     5 |    16 ||    23
Armor: Robe              |    22 |    50 |     2 ||    74
       Leather armour    |       |       |    58 ||    58
       Skin              |       |       |     3 ||     3
Dodge: Dodged            |    86 |   127 |   244 ||   457
